 Dungeon Crawl Stone Soup version 0.28-b1-25-g9875b3fc8c (webtiles) character file.

Game seed: 6568600887094006083

198 crazypyro the Twirler (level 5, -1/38 HPs)
             Began as a Demonspawn Wanderer on Jan 31, 2022.
             Was a Priest of Lugonu.
             Slain by an orc wizard (4 damage)
             ... on level 3 of the Dungeon.
             The game lasted 00:02:43 (2632 turns).

crazypyro the Twirler (Demonspawn Wanderer)         Turns: 2632, Time: 00:02:43

Health: -1/38      AC:  3    Str: 13    XL:     5   Next: 47%
Magic:  5/5        EV: 10    Int: 11    God:    Lugonu [***...]
Gold:   141        SH:  0    Dex: 18    Spells: 4/4 levels left

rFire   . . .      SeeInvis .   a - +1 quarterstaff (vorpal)
rCold   . . .      Faith    .   (shield currently unavailable)
rNeg    . . .      Spirit   .   c - +0 leather armour
rPois   .          Reflect  .   (helmet restricted)
rElec   .          Harm     .   (no cloak)
rCorr   .          Rampage  .   (no gloves)
Will    .....                   (no boots)
Stlth   ++........              (no amulet)
HPRegen 0.12/turn               (no ring)
MPRegen 0.18/turn               (no ring)

@: no status effects
A: horns 1, powered by death 1, magic regeneration, big brain 1
a: Renounce Religion, Depart the Abyss, Bend Space, Banish


You were on level 3 of the Dungeon.
You worshipped Lugonu.
Lugonu was most pleased with you.
You visited 1 branch of the dungeon, and saw 4 of its levels.

You collected 141 gold pieces.

Inventory:

Hand Weapons
 a - a +1 vorpal quarterstaff (weapon)
Armour
 c - a +0 leather armour (worn)
 g - a +0 helmet
Wands
 m - a wand of iceblast (5)
Scrolls
 b - a scroll of silence
 d - a scroll of vulnerability {unknown}
 e - 2 scrolls of teleportation {unknown}
 j - a scroll of immolation {unknown}
 k - 2 scrolls of identify {unknown}
Potions
 f - a potion of haste {unknown}
 h - a potion of lignification {unknown}
 i - a potion of degeneration {unknown}
 l - a potion of heal wounds {unknown}


   Skills:
 - Level 2.0 Fighting
 * Level 6.4 Staves
 - Level 1.0 Armour
 + Level 2.3 Stealth
 - Level 1.2 Invocations


You had 4 spell levels left.
You didn't know any spells.
Your spell library contained the following spells:

 Spells                   Type           Power      Damage    Failure   Level
 Corpse Rot               Necr/Air       0%         N/A       56%         2
 Dispel Undead            Necr           0%         3d6       99%         4
 Death Channel            Necr           0%         N/A       100%        6


Dungeon Overview and Level Annotations

Branches:
Dungeon (4/15)
 Temple: D:4-7

Altars:
The Shining One
Lugonu


Innate Abilities, Weirdness & Mutations

You have a pair of small horns on your head.
You regenerate a little health from kills.
You regenerate magic rapidly.
You have an unusually large brain. (Int +2)


Message History

The orc shouts!
The endoplasm quivers.
You sock the adder!
You kill the adder!
Lugonu accepts your kill. The hobgoblin hits you.
The orc wizard casts a spell.
The orc wizard flickers and vanishes!
Found a scale mail.
The hobgoblin hits you but does no damage.
You hit the hobgoblin.
You kill the hobgoblin!
Lugonu accepts your kill.
You hit the orc.
You kill the orc!
Lugonu accepts your kill.
You barely miss something. Your headbutt misses something. Something hits you.
You hit something but do no damage. Something hits you.
You completely miss something. You headbutt something.
The orc completely misses you. Something hits you but does no damage.
You hit the orc. You headbutt the orc.
You kill the orc!
Lugonu accepts your kill. Something hits you but does no damage.
You hit something. Something hits you. x2
You closely miss something. You headbutt something.
Something hits you but does no damage. Something hits you.
You miss something. Your headbutt misses something. Something hits you.
You hear some strange, mumbled words.
A magic dart appears from out of thin air!
The magic dart hits you!
* * * LOW HITPOINT WARNING * * *
You barely miss something. Something hits you.
* * * LOW HITPOINT WARNING * * *
You hear some strange, mumbled words.
A magic dart appears from out of thin air!
The magic dart hits you.
* * * LOW HITPOINT WARNING * * *
You barely miss something. Something hits you.
You die...

.#.# ## .... . # . ##..# .#
# .... .[.. .# # # ....
#..#..#.## # .
....##..#...... #
..##..............#.#######
........{.#.##... ........
.###..####@#.##..# .#######
....J.†..#{#.##..# #
..........J...#..## #
####..##........... # #.
####...#..########## ..
##.##............ ..
.######.###.########## .#
............# #############


You could see an endoplasm.

Vanquished Creatures
  A water moccasin zombie (D:3)
  Ijyb (D:4)
  Jessica (D:2)
  2 adders
  4 worms
  3 dart slugs
  2 orcs (D:3)
  2 bats
  5 endoplasms
  A giant cockroach (D:1)
  4 goblins
  5 hobgoblins
  3 jackals (D:2)
  A quokka (D:1)
  6 ball pythons
  3 frilled lizards (D:1)
  8 kobolds
  4 rats
56 creatures vanquished.

Vanquished Creatures (others)
  A withered plant (D:1)
1 creature vanquished.

Grand Total: 57 creatures vanquished

Notes
Turn   | Place    | Note
-------+----------+-------------------------------------------
     0 | D:1      | crazypyro the Demonspawn Wanderer began the quest for the
                  | Orb.
     0 | D:1      | crazypyro set off with the following items: a +1 vorpal
                  | quarterstaff, a scroll of silence, a +0 leather armour
     0 | D:1      | Reached XP level 1. HP: 16/16 MP: 1/1
   267 | D:1      | Gained mutation: You have an unusually large brain. (Int
                  | +2) [demonic ancestry]
   267 | D:1      | Reached XP level 2. HP: 22/22 MP: 2/2
   419 | D:1      | Reached skill level 5 in Staves
   598 | D:1      | Found a faded altar of an unknown god.
   727 | D:1      | Prayed at the altar of an unknown god.
   727 | D:1      | Became a worshipper of Lugonu the Unformed
   727 | D:1      | Reached * piety under Lugonu
   727 | D:1      | Reached ** piety under Lugonu
  1209 | D:2      | Gained mutation: You regenerate magic rapidly. [demonic
                  | ancestry]
  1209 | D:2      | Reached XP level 3. HP: 27/27 MP: 3/3
  1671 | D:2      | Noticed Jessica
  1679 | D:2      | Killed Jessica
  1680 | D:2      | Gained mutation: You have a pair of small horns on your
                  | head. [demonic ancestry]
  1680 | D:2      | Reached XP level 4. HP: 22/33 MP: 4/4
  2367 | D:3      | Reached skill level 6 in Staves
  2367 | D:3      | Gained mutation: You regenerate a little health from kills.
                  | [demonic ancestry]
  2367 | D:3      | Reached XP level 5. HP: 28/38 MP: 5/5
  2496 | D:3      | You fall into a shaft and drop 1 floor!
  2540 | D:4      | Noticed Ijyb
  2545 | D:4      | Killed Ijyb
  2545 | D:4      | Reached *** piety under Lugonu
  2632 | D:3      | Slain by an orc wizard

Illustrated notes

Levels and vault maps discovered:
D:1:      minmay_arrival_four_houses, layout_loops_cross,
          shapermc_ecumenical_altar_flowoftime
D:2:      layout_basic, basic_altar, uniq_jessica
D:3:      layout_loops_ring
D:4:      minmay_angry_zag, layout_loops_cross,
          mainiacjoe_overflow_cross_hatched, lemuel_doored_altar,
          mainiacjoe_overflow_tiny_flanked, serial_shops,
          nicolae_shop_waterfront, uniq_ijyb

Skill      XL: |  1  2  3  4 |
---------------+-------------+-----
Staves         | 5 6 |  6.4
Stealth        | 2 |  2.3
Fighting       | |  2.0
Armour         | |  1.0
Invocations    | |  1.2

Action                   |  1- 3 |  4- 6 || total
-------------------------+-------+-------++-------
Melee: Quarterstaff      |    77 |    52 ||   129
       Headbutt          |       |     9 ||     9
 Stab: Sleeping          |     4 |     3 ||     7
Armor: Leather armour    |    15 |    13 ||    28
Dodge: Dodged            |    30 |    24 ||    54
